 Dungeon Crawl Stone Soup version 0.30-a0-912-ge10d75a369 (webtiles) character file.

Game seed: 16891687882787160098

93818 112233 the Nimble (level 16, -5/117 HPs)
             Began as an Octopode Summoner on Mar 19, 2023.
             Was an Elder of Vehumet.
             Slain by an ettin
             ... wielding a +0 dire flail
              (21 damage)
             ... on level 1 of the Depths on Mar 20, 2023.
             The game lasted 01:34:48 (44439 turns).

112233 the Nimble (Octopode Summoner)              Turns: 44439, Time: 01:34:48

Health: -5/117     AC:  1    Str:  7    XL:     16   Next: 9%
Magic:  0/51       EV: 23    Int: 24    God:    Vehumet [****..]
Gold:   217        SH:  0    Dex: 12    Spells: 14/41 levels left

rFire   . . .      SeeInvis +    h - +5 long sword of Rotra {flame, rN+ MP+9}
rCold   + . .      Faith    .    (no shield)
rNeg    + . .      Spirit   +    (helmet restricted)
rPois   .          Reflect  .    q - amulet of guardian spirit
rElec   .          Rampage  .    z - +5 ring of evasion
rCorr   +                        l - ring of Lewn {+Blink Will+ rCorr SInv}
Will    ++...                    B - ring of wizardry
Stlth   +++                      K - ring of protection from cold
HPRegen 0.39/turn                R - ring of magical power
MPRegen 0.32/turn                (no ring)
                                 (no ring)
                                 (no ring)

@: about to teleport, hasted, very quick
A: almost no armour, amphibious, 8 rings, camouflage 1, gelatinous body 1,
(nimble swimmer 1), tentacles, clumsy 1
a: Renounce Religion, Evoke Blink


You were on level 1 of the Depths.
You worshipped Vehumet.
Vehumet was greatly pleased with you.
You visited 7 branches of the dungeon, and saw 27 of its levels.

You collected 1860 gold pieces.
You spent 1643 gold pieces at shops.

Inventory:

Hand Weapons
 h - the +5 long sword of Rotra (weapon) {flame, rN+ MP+9}
   (You found it on level 5 of the Dungeon)

   rN:        It protects you from negative energy.
   MP:        It affects your magic capacity (+9).
 H - the +3 short sword of Zumeqok {freeze, Contam *Rage +Blink rElec}
   (You bought it in a shop on level 14 of the Dungeon)

   rElec:     It insulates you from electricity.
   +Blink:    It lets you blink.
   *Rage:     It berserks you when you make melee attacks (+20% chance).
   Contam:    It causes magical contamination when unequipped.
Missiles
 A - 3 throwing nets
Armour
 o - a +0 buckler
Jewellery
 f - a ring of see invisible
 l - the ring of Lewn (right tentacle) {+Blink Will+ rCorr SInv}
   (You acquired it on level 13 of the Dungeon)

   [ring of willpower]

   SInv:      It lets you see invisible.
   +Blink:    It lets you blink.
   rCorr:     It protects you from acid and corrosion.
   Will:      It increases your willpower.
 q - an amulet of guardian spirit (around mantle)
 z - a +5 ring of evasion (left tentacle)
 B - a ring of wizardry (on tentacle)
 C - a ring of ice
 K - a ring of protection from cold (on tentacle)
 R - a ring of magical power (on tentacle)
 Y - a +6 ring of intelligence
Wands
 s - a wand of flame (61)
 N - a wand of roots (16)
 O - a wand of digging (5)
 S - a wand of charming (2)
Scrolls
 b - a scroll of silence
 c - 7 scrolls of vulnerability
 d - 3 scrolls of magic mapping
 e - 4 scrolls of enchant weapon
 k - 2 scrolls of teleportation
 m - 3 scrolls of brand weapon
 t - 2 scrolls of fog
 u - 3 scrolls of poison
 y - 5 scrolls of enchant armour
 D - 5 scrolls of noise
 E - 2 scrolls of amnesia
 I - a scroll of butterflies {unknown}
 M - 3 scrolls of immolation
 U - a scroll of torment
 X - a scroll of identify
Potions
 a - 5 potions of magic
 g - 2 potions of resistance
 n - 4 potions of cancellation
 p - 2 potions of degeneration
 r - 6 potions of might
 v - 2 potions of invisibility
 w - 7 potions of mutation
 x - 4 potions of brilliance
 G - 2 potions of flight
 Q - a potion of haste
 W - a potion of attraction
Miscellaneous
 i - a lightning rod (4/4)
 F - a phantom mirror (inert)
 P - a phial of floods


   Skills:
 + Level 13.3 Fighting
 + Level 13.3 Dodging
 - Level 2.8 Stealth
 - Level 6.2 Shields
 * Level 13.1 Spellcasting
 - Level 9.8 Conjurations
 - Level 11.5 Summonings
 + Level 1.9 Transmutations
 - Level 4.9 Air Magic
 + Level 2.0 Earth Magic


You had 14 spell levels left.
You knew the following spells:

 Your Spells              Type           Power      Damage    Failure   Level
a - Summon Small Mammal   Summ           100%       N/A       1%          1
b - Call Imp              Summ           63%        N/A       1%          2
c - Call Canine Familiar  Summ           63%        N/A       1%          3
d - Summon Guardian Gole  Hex/Summ       43%        N/A       1%          3
e - Summon Lightning Spi  Summ/Air       53%        N/A       1%          4
f - Apportation           Tloc           30%        N/A       1%          1
g - Irradiate             Conj/Tmut      21%        3d18      1%          5
h - Blink                 Tloc           30%        N/A       2%          2
i - Statue Form           Tmut/Erth      16%        N/A       69%         6

Your spell library contained the following spells:

 Spells                   Type           Power      Damage    Failure   Level
 Fireball                 Conj/Fire      19%        3d9       1%          5
 Necrotise                Necr           60%        1d7       1%          1
 Slow                     Hex            60%        N/A       1%          1
 Cigotuvi's Dreadful Rot  Necr/Pois/Air  46%        N/A       1%          2
 Momentum Strike          Conj/Tloc      78%        3d10      1%          2
 Vhi's Electric Charge    Tloc/Air       54%        N/A       1%          3
 Arcjolt                  Conj/Air       25%        1d35      1%          5
 Ensorcelled Hibernation  Hex/Ice        30%        N/A       2%          2
 Lesser Beckoning         Tloc           30%        N/A       2%          2
 Sublimation of Blood     Necr           15%        N/A       2%          2
 Spider Form              Tmut/Pois      20%        N/A       3%          3
 Confusing Touch          Hex            15%        N/A       4%          3
 Ozocubu's Armour         Ice            15%        N/A       4%          3
 Portal Projectile        Hex/Tloc       30%        N/A       4%          3
 Vampiric Draining        Necr           15%        2d7       4%          3
 Petrify                  Tmut/Erth      25%        N/A       7%          4
 Leda's Liquefaction      Hex/Erth       10%        N/A       11%         4
 Anguish                  Hex/Necr       7%         N/A       16%         4
 Dispel Undead            Necr           15%        3d10      16%         4
 Blade Hands              Tmut           12%        N/A       19%         5
 Agony                    Necr           15%        N/A       38%         5
 Metabolic Englaciation   Hex/Ice        7%         N/A       38%         5
 Death Channel            Necr           7%         N/A       90%         6
 Ozocubu's Refrigeration  Ice            7%         4d9       92%         7
 Maxwell's Capacitive Co  Air            19%        ∞         92%         8
 Dragon Form              Tmut           12%        N/A       99%         7
 Chain Lightning          Conj/Air       25%        3d33      100%        9
 Fire Storm               Conj/Fire      19%        8d5       100%        9
 Shatter                  Erth           12%        3d13*     100%        9


Dungeon Overview and Level Annotations

Branches:
Dungeon (15/15)            Temple (0/1) D:7            Lair (5/5) D:10
  Swamp (1/4) Lair:3       Spider (2/4) Lair:3        Slime (0/5) Lair:4
    Orc (2/2) D:10            Elf (1/3) Orc:2        Vaults (0/5) D:13
 Depths (1/4) D:15

Altars:
Ashenzari
Cheibriados
Dithmenos
Elyvilon
Fedhas
Hepliaklqana
Ru
Trog
Uskayaw
Vehumet
Xom
Zin

Shops:
D:14 :((   Orc:2 !*!**

Annotations:
D:3 exclusion: downstairs
D:7 exclusion: oklob sapling
D:9 exclusions: downstairs and 2 upstairs
D:13 2 runed translucent doors, 112233's ghost, journeyman TeSu
Lair:5 1 runed translucent door


Innate Abilities, Weirdness & Mutations

You cannot wear most types of armour.
You are amphibious.
You can wear up to eight rings at the same time.
Your skin changes colour to match your surroundings (Stealth+).
Your rubbery body absorbs attacks. (AC +1, EV +1)
((You are camouflaged when in or above water. (Stealth+)))
You have tentacles for arms and can constrict up to eight enemies at once.
You are clumsy. (Dex -2)


Message History

Your guardian golem disappears in a puff of smoke!
The spriggan air mage waves its arms in wide circles.
The air twists around and strikes you!!
* * * LOW HITPOINT WARNING * * *
A tengu warrior comes into view. It is wielding a +2 dire flail.
Unknown command.
Okay, then.
As you read the scroll of fear, it crumbles to dust.
You assume a fearsome visage.
The ettin looks frightened!
The spriggan air mage looks frightened!
The tengu warrior looks frightened!
Unknown command.
Unknown command.
Your spriggan air mage waves its arms in wide circles.
The air twists around and strikes the ettin!!
Your spriggan air mage's attack snaps the ettin out of its fear.
The ettin hits your guardian golem with a +0 dire flail!! x2
Your guardian golem is destroyed!
Your guardian golem disappears in a puff of smoke!
You hear a shout!
Unknown command.
Your spriggan air mage barely misses the ettin.
The spriggan air mage hits something.
Unknown command.
Casting: Summon Guardian Golem (safe; 1% risk of failure)
Confirm with . or Enter, or press ? or * to list all spells.
Your spriggan air mage shimmers and vanishes!
Your wolf bites the ettin!
Unknown command.
Your wolf bites the ettin but does no damage.
A tengu warrior comes into view. It is wielding a +0 dire flail.
As you read the scroll of teleportation, it crumbles to dust.
You feel strangely unstable.
Your wolf bites the ettin but does no damage.
The ettin hits you with a +0 dire flail!!
* * * LOW HITPOINT WARNING * * *
The ettin completely misses you.
Your wolf bites the ettin!
Unknown command.
You feel yourself speed up.
Your wolf bites the ettin.
The ettin misses you.
The ettin hits you with a +0 dire flail!!
You die...

#.)........
#~)......#
#~~..Q.(.#
#8~......#
#~~......####
#~...........
#...h....##
##...C...#
#...@...#
#.......#
#.......#
#.......#
#.......#
##...>...#
#........#
#..8.....#
#+###
#........#
..Z.


You could see an ettin (ally target), a tengu warrior and a friendly wolf
(summoned).

Vanquished Creatures
  2 two-headed ogres (D:10)
  An orc high priest (Orc:1)
  A goliath frog (Swamp:1)
  2 deep elf pyromancers (Orc:2)
  4 ugly things
  2 cyclopes
  An elephant (Lair:5)
  An unseen horror (D:13)
  A black mamba (Lair:5)
  A demonic crawler (Spider:1)
  A torpor snail (Lair:5)
  3 cane toads
  A polar bear (Lair:4)
  2 hornets (Lair:5)
  A wraith (D:14)
  A basilisk (Lair:5)
  A fire elemental (Orc:2)
  3 wyverns
  3 yaks
  A steam dragon (D:6)
  A swamp worm (Lair:3)
  3 water moccasins
  3 orc warriors
  A black bear (D:6)
  3 ogres
  5 wolves
  A phantom (D:6)
  2 kobold brigands
  3 bullfrogs
  A gnoll sergeant (D:9)
  A killer bee (D:11)
  A howler monkey (D:4)
  A gnoll bouda (D:5)
  2 orc priests
  3 hell rats (Lair:5)
  2 nameless horrors
  4 adders
  An ufetubus (D:6)
  4 dart slugs
  12 orcs
  4 ball pythons
  3 endoplasms
  2 giant cockroaches
  3 goblins
  3 hobgoblins (D:1)
  6 kobolds
  2 quokkas
  5 bats
  4 frilled lizards
  4 rats
123 creatures vanquished.

Vanquished Creatures (collateral kills)
  Jorgrun (D:15)
  2 emperor scorpions (Spider:1)
  2 very ugly things (Depths:1)
  Nessos (D:14)
  Snorg (D:11)
  A fire dragon (Depths:1)
  An entropy weaver (shapeshifter) (D:15)
  An ice dragon (D:15)
  3 hydras
  A vault guard (D:13)
  2 ogre magi
  7 two-headed ogres
  A radroach (Spider:1)
  Erica (Orc:1)
  5 boulder beetles
  6 death yaks
  2 spriggan berserkers (Depths:1)
  Amaemon (Lair:2)
  2 slime creatures
  3 orc knights (Orc:2)
  2 deep elf archers (Orc:2)
  A wolf spider (Spider:1)
  A bog body (Lair:3)
  A deep elf zephyrmancer (Orc:2)
  A deep elf pyromancer (D:15)
  2 manticores (D:13)
  An orc sorcerer (Orc:1)
  A cyclops (D:15)
  An elephant (Lair:5)
  4 ugly things (Depths:1)
  2 black mambas
  9 cane toads
  An orange demon (Lair:2)
  3 torpor snails (Lair:5)
  A komodo dragon (shapeshifter) (D:14)
  A yaktaur (D:15)
  A rime drake (Lair:5)
  Psyche (D:8)
  5 komodo dragons
  An efreet (D:15)
  A polar bear (Lair:5)
  2 trolls
  2 tyrant leeches (Lair:5)
  4 hornets (Lair:5)
  7 blink frogs (Lair:4)
  2 tarantellas (Spider:1)
  A jumping spider (Spider:1)
  A vampire (D:12)
  21 yaks
  6 basilisks
  A wraith (D:12)
  4 wyverns
  A steam dragon (D:6)
  3 vampire mosquitoes (D:10)
  A warg (Orc:2)
  2 acid dragons
  11 water moccasins
  21 orc warriors
  A black bear (D:6)
  A sky beast (D:6)
  7 ogres
  6 wolves
  10 centaurs
  3 kobold brigands
  Blork the orc (D:4)
  8 bullfrogs
  A gnoll sergeant (D:8)
  An electric eel (Lair:3)
  2 howler monkeys
  3 lava snakes (D:12)
  3 hounds
  A hound (shapeshifter) (D:14)
  2 jellies
  3 orc priests
  6 orc wizards
  6 hell rats (Lair:5)
  17 gnolls
  5 adders
  A nameless horror (D:6)
  A worm (D:3)
  27 orcs
  3 endoplasms
  A giant cockroach (D:4)
  4 goblins
  7 hobgoblins
  30 kobolds
  A quokka (D:4)
  9 ball pythons
  4 bats
  A frilled lizard (shapeshifter) (D:14)
  3 frilled lizards
  4 rats
  2 butterflies (Lair:1)
360 creatures vanquished.

Vanquished Creatures (others)
  A very ugly thing (Depths:1)
  An eleionoma (Swamp:1)
  An ice dragon (D:15)
  Harold (Lair:1)
  2 hydras
  A centaur warrior (D:13)
  An ogre mage (D:15)
  5 two-headed ogres
  6 death yaks
  Sonja (D:11)
  A lindwurm (Lair:5)
  A swamp dragon (Swamp:1)
  2 wolf spiders (Spider:1)
  A manticore (D:12)
  An elephant (Lair:5)
  2 cyclopes
  A black mamba (Lair:4)
  A torpor snail (Lair:5)
  A gargoyle (D:12)
  2 rime drakes
  A komodo dragon (Lair:2)
  2 ice devils (D:11)
  A troll (shapeshifter) (D:13)
  2 tyrant leeches (Lair:5)
  3 trolls
  4 blink frogs (Lair:4)
  2 slime creatures
  A shadow (D:11)
  26 yaks
  A basilisk (Lair:3)
  A redback (Spider:1)
  A vampire mosquito (D:10)
  2 water moccasins
  An ice beast (D:8)
  7 orc warriors
  2 ogres (Orc:1)
  3 wolves
  4 centaurs
  2 scorpions (D:6)
  4 killer bees
  A jelly (Lair:4)
  3 gnolls
  6 orcs
  An endoplasm (D:4)
  2 bushes (D:4)
  A butterfly (D:4)
  33 fungi
  78 plants
228 creatures vanquished.

Grand Total: 711 creatures vanquished

Notes
Turn   | Place    | Note
-------+----------+-------------------------------------------
     0 | D:1      | 112233 the Octopode Summoner began the quest for the Orb.
     0 | D:1      | Reached XP level 1. HP: 11/11 MP: 3/3
   158 | D:1      | Reached XP level 2. HP: 9/17 MP: 3/5
   271 | D:1      | Learned a level 2 spell: Call Imp
   388 | D:1      | Found a radiant altar of Vehumet.
   424 | D:1      | Became a worshipper of Vehumet
   490 | D:1      | Reached XP level 3. HP: 17/21 MP: 3/7
  1333 | D:2      | Learned a level 3 spell: Call Canine Familiar
  2005 | D:2      | Reached skill level 1 in Fighting
  2005 | D:2      | Reached XP level 4. HP: 28/28 MP: 6/9
  2063 | D:2      | Reached * piety under Vehumet
  2063 | D:2      | Offered knowledge of Magic Dart by Vehumet.
  2406 | D:2      | Learned a level 3 spell: Summon Guardian Golem
  2564 | D:3      | Found a sacrificial altar of Ru.
  2964 | D:3      | Found a faded altar of an unknown god.
  3447 | D:3      | Reached XP level 5. HP: 33/34 MP: 0/10
  4118 | D:4      | Noticed Blork the orc
  4120 | D:4      | Reached skill level 1 in Shields
  4128 | D:4      | Killed Blork the orc
  4129 | D:4      | Reached XP level 6. HP: 13/41 MP: 3/12
  4559 | D:4      | Found a white marble altar of Elyvilon.
  5122 | D:5      | Entered Level 5 of the Dungeon
  5149 | D:5      | Identified the +5 long sword of Rotra {flame, rN+ MP+9}
  5210 | D:5      | Noticed a water moccasin
  5236 | D:5      | Killed a water moccasin
  5237 | D:5      | Reached XP level 7. HP: 15/45 MP: 3/13
  5615 | D:5      | Reached ** piety under Vehumet
  5615 | D:5      | Offered knowledge of Momentum Strike by Vehumet.
  5621 | D:5      | Learned a level 4 spell: Summon Lightning Spire
  5785 | D:5      | Found a broken altar of Ashenzari.
  5989 | D:5      | Reached skill level 5 in Summonings
  6576 | D:6      | Noticed a steam dragon
  6640 | D:6      | Killed a steam dragon
  6641 | D:6      | Reached skill level 5 in Spellcasting
  6641 | D:6      | Reached XP level 8. HP: 51/54 MP: 10/15
  6964 | D:6      | Found a glowing silver altar of Zin.
  7791 | D:7      | Found a staircase to the Ecumenical Temple.
  8367 | D:6      | Reached skill level 5 in Dodging
  8367 | D:6      | Reached XP level 9. HP: 51/60 MP: 17/17
  8592 | D:6      | Reached skill level 5 in Fighting
  9617 | D:7      | Found a hide-covered altar of Uskayaw.
  9644 | D:7      | Found a snail-covered altar of Cheibriados.
 10210 | D:8      | Noticed Psyche
 10342 | D:9      | Noticed a cyclops
 10357 | D:9      | Killed a cyclops
 10358 | D:9      | Reached skill level 5 in Shields
 10546 | D:9      | Offered knowledge of Poisonous Vapours by Vehumet.
 10678 | D:8      | Noticed a troll
 10681 | D:9      | Found a hazy altar of Hepliaklqana.
 10758 | D:10     | Entered Level 10 of the Dungeon
 10977 | D:9      | Noticed a two-headed ogre
 10989 | D:9      | Killed a two-headed ogre
 10990 | D:9      | Reached XP level 10. HP: 68/68 MP: 18/20
 11721 | D:10     | Noticed a death yak
 11746 | D:10     | Noticed a death yak
 11747 | D:10     | Noticed a death yak
 11747 | D:10     | Noticed a death yak
 11747 | D:10     | Noticed a death yak
 11747 | D:10     | Noticed a death yak
 11935 | D:10     | Noticed a two-headed ogre
 11975 | D:9      | Reached *** piety under Vehumet
 12191 | D:10     | Killed a two-headed ogre
 12308 | D:10     | Offered knowledge of Inner Flame by Vehumet.
 12565 | D:10     | Found a staircase to the Orcish Mines.
 12612 | D:10     | Found a staircase to the Lair.
 12877 | D:8      | Killed Psyche
 13285 | D:8      | Found a blossoming altar of Fedhas.
 13354 | D:8      | Reached XP level 11. HP: 73/75 MP: 22/22
 13500 | D:8      | Found a shadowy altar of Dithmenos.
 13504 | D:8      | Found a radiant altar of Vehumet.
 13509 | D:8      | Learned a level 1 spell: Apportation
 13857 | D:10     | Killed a death yak
 13859 | D:10     | Noticed a death yak
 13860 | D:10     | Killed a death yak
 14450 | Orc:1    | Entered Level 1 of the Orcish Mines
 14450 | Orc:1    | Noticed a two-headed ogre
 14707 | D:11     | Reached **** piety under Vehumet
 14813 | D:11     | Noticed Snorg
 14831 | D:11     | Killed Snorg
 15261 | D:11     | You fall into a shaft and drop 1 floor!
 15465 | D:12     | Noticed a manticore
 15478 | D:12     | Killed a manticore
 15751 | D:12     | Noticed a boulder beetle
 15771 | D:12     | Killed a boulder beetle
 16008 | D:12     | Offered knowledge of Kindle Blastsparks by Vehumet.
 16261 | D:12     | Reached XP level 12. HP: 43/85 MP: 12/24
 16650 | D:13     | Identified a scroll of acquirement
 16651 | D:13     | Acquired the ring of Lewn {+Blink Will+ rCorr SInv}
 16673 | D:13     | Found a runed translucent door.
 16682 | D:13     | Found a runed translucent door.
 16750 | D:13     | Noticed a centaur warrior
 16770 | D:13     | Killed a centaur warrior
 17022 | D:13     | Noticed a centaur warrior
 17022 | D:13     | Noticed a lich
 17022 | D:13     | Noticed 112233's ghost (journeyman TeSu)
 17160 | D:13     | Reached skill level 10 in Summonings
 17290 | D:13     | Noticed a tengu reaver
 17296 | D:13     | Noticed a stone giant
 17492 | D:13     | Noticed a five-headed hydra
 17512 | D:13     | Killed a five-headed hydra
 17551 | D:13     | Noticed an ogre mage
 17557 | D:13     | Noticed a two-headed ogre
 17559 | D:13     | Noticed a two-headed ogre
 17874 | D:11     | Noticed a two-headed ogre
 17881 | D:11     | Killed a two-headed ogre
 18122 | D:11     | Noticed Sonja
 18144 | D:11     | Killed Sonja
 19223 | D:13     | Killed a two-headed ogre
 19224 | D:13     | Reached skill level 10 in Fighting
 19224 | D:13     | Reached skill level 10 in Dodging
 19241 | D:13     | Killed an ogre mage
 19244 | D:13     | Killed a two-headed ogre
 19277 | D:13     | Noticed a vault guard
 19293 | D:13     | Killed a vault guard
 19294 | D:13     | Reached skill level 10 in Spellcasting
 19445 | D:13     | Found a gate to the Vaults.
 19564 | D:14     | Found Kepeg's Antique Weapon Boutique.
 19567 | D:14     | Bought a warped short sword for 224 gold pieces
 19567 | D:14     | Identified the +3 short sword of Zumeqok {freeze, Contam
                  | *Rage +Blink rElec} (You bought it in a shop on level 14 of
                  | the Dungeon)
 19568 | D:14     | Noticed a boulder beetle
 19967 | D:14     | Noticed a boulder beetle
 19972 | D:14     | Found Daschisi's Book Shoppe.
 19977 | D:14     | Found a shimmering altar of Xom.
 19977 | D:14     | Found a shimmering altar of Xom.
 19977 | D:14     | Found a shimmering altar of Xom.
 19977 | D:14     | Found a shimmering altar of Xom.
 19977 | D:14     | Found a shimmering altar of Xom.
 20168 | D:15     | Entered Level 15 of the Dungeon
 20291 | D:15     | Reached XP level 13. HP: 93/93 MP: 19/27
 21145 | D:15     | Learned a level 5 spell: Irradiate
 21157 | D:15     | a troll changed into an entropy weaver
 21157 | D:15     | Noticed an entropy weaver (shapeshifter)
 21170 | D:15     | Killed an entropy weaver
 21246 | D:15     | Noticed an ice dragon
 21251 | D:15     | Noticed an ice dragon
 21380 | D:15     | Reached skill level 1 in Conjurations
 21621 | D:14     | Bought a book of Spatial Translocations for 252 gold pieces
 21635 | D:14     | Noticed Nessos
 21929 | D:14     | Killed Nessos
 22366 | D:14     | Found Lutuyrpho's Antique Weapon Shop.
 22477 | D:15     | Gained mutation: You expend magic power (3 MP) to
                  | strengthen your wands. [potion of mutation]
 22477 | D:15     | Gained mutation: You are somewhat resistant to further
                  | mutation. [potion of mutation]
 22477 | D:15     | Gained mutation: You are occasionally teleported next to
                  | monsters. [potion of mutation]
 23180 | D:14     | Learned a level 2 spell: Blink
 23605 | D:9      | Lost mutation: You are somewhat resistant to further
                  | mutation. [potion of mutation]
 23605 | D:9      | Lost mutation: You expend magic power (3 MP) to strengthen
                  | your wands. [potion of mutation]
 23605 | D:9      | Lost mutation: You are occasionally teleported next to
                  | monsters. [potion of mutation]
 23605 | D:9      | Gained mutation: You are clumsy. (Dex -2) [potion of
                  | mutation]
 24426 | Lair:1   | Entered Level 1 of the Lair of Beasts
 24741 | Lair:1   | Reached XP level 14. HP: 50/101 MP: 13/29
 25334 | Lair:1   | Noticed Harold
 25342 | Lair:1   | Killed Harold
 25343 | Lair:1   | Reached skill level 5 in Conjurations
 26014 | Lair:2   | Noticed Amaemon
 26030 | Lair:2   | Killed Amaemon
 28116 | Lair:3   | Found a hole to the Spider Nest.
 28322 | Lair:3   | Reached skill level 1 in Air Magic
 29286 | Lair:3   | Found a staircase to the Swamp.
 30071 | Lair:4   | Reached ***** piety under Vehumet
 30071 | Lair:4   | Offered knowledge of Fulminant Prism by Vehumet.
 30125 | Lair:4   | Found a staircase to the Slime Pits.
 30627 | Lair:5   | Entered Level 5 of the Lair of Beasts
 31161 | Lair:5   | Reached XP level 15. HP: 51/108 MP: 17/30
 32273 | Lair:5   | Found a runed translucent door.
 32275 | Lair:5   | Paralysed by a hornet for 2 turns
 33640 | D:10     | Offered knowledge of Eringya's Noxious Bog by Vehumet.
 33927 | Orc:1    | Noticed Erica
 33939 | Orc:1    | Killed Erica
 34133 | Orc:1    | Found a bloodstained altar of Trog.
 34350 | Orc:2    | Entered Level 2 of the Orcish Mines
 34982 | D:15     | Found a staircase to the Depths.
 35097 | D:15     | Noticed Jorgrun
 35110 | D:15     | Killed Jorgrun
 36334 | Orc:2    | Found Gexuowuecu's Distillery.
 38163 | Orc:2    | Found a staircase to the Elven Halls.
 38437 | Orc:2    | Found Ton Lero's Assorted Antiques.
 38437 | Orc:2    | Found Fimuqun's Distillery.
 38437 | Orc:2    | Found Kosche Xiap's General Store.
 38440 | Orc:2    | Found Deeturum's General Store.
 38533 | Orc:2    | Bought a scroll labelled NEOROS EWKEEZA for 19 gold pieces
 38534 | Orc:2    | Bought a potion of heal wounds for 60 gold pieces
 38534 | Orc:2    | Bought a potion of curing for 36 gold pieces
 38544 | Orc:2    | Bought a potion of curing for 36 gold pieces
 38544 | Orc:2    | Bought a scroll of teleportation for 36 gold pieces
 38765 | Orc:2    | Bought a scroll of identify for 28 gold pieces
 38768 | Orc:2    | Bought a scroll of identify for 38 gold pieces
 38768 | Orc:2    | Bought a scroll of identify for 38 gold pieces
 38772 | Orc:2    | Bought a scroll of identify for 24 gold pieces
 39226 | Elf:1    | Entered Level 1 of the Elven Halls
 39334 | Orc:2    | Bought a potion of heal wounds for 60 gold pieces
 39334 | Orc:2    | Bought a potion of haste for 120 gold pieces
 39334 | Orc:2    | Bought a potion of invisibility for 96 gold pieces
 39334 | Orc:2    | Bought a potion of curing for 36 gold pieces
 39334 | Orc:2    | Bought a potion of attraction for 36 gold pieces
 39509 | Spider:1 | Entered Level 1 of the Spider Nest
 39697 | D:14     | Bought a book of Sloth for 504 gold pieces
 40834 | Spider:1 | Noticed a ghost moth
 40869 | Spider:2 | Noticed an emperor scorpion
 40903 | Spider:1 | Killed an emperor scorpion
 41697 | Spider:1 | Noticed an emperor scorpion
 41715 | Spider:1 | Killed an emperor scorpion
 41824 | Spider:1 | Offered knowledge of Fireball by Vehumet.
 42905 | Swamp:1  | Entered Level 1 of the Swamp
 43311 | Swamp:1  | Learned a level 6 spell: Statue Form
 43876 | Depths:1 | Entered Level 1 of the Depths
 43903 | Depths:1 | Reached skill level 1 in Transmutations
 43903 | Depths:1 | Reached skill level 1 in Earth Magic
 44302 | Depths:1 | Reached XP level 16. HP: 109/117 MP: 31/33
 44439 | Depths:1 | Slain by an ettin

Illustrated notes

Levels and vault maps discovered:
D:1:      eino_arrival_cavern_a, layout_basic, dk_noncrumbling_4, minivault_24,
          minmay_hexomino_r4
D:2:      layout_basic, minmay_misc_feat_encased, minmay_circle_x
D:3:      layout_basic, hangedman_ru_absence, hellmonk_ecumenical_altar_run_dry,
          kennysheep_boxes
D:4:      minmay_evil_eye, layout_basic, nicolae_elyvilon_peaceful_grove,
          eino_tiny_chamber, minmay_stone_trees_small, dreamdust_gnoll_farm,
          uniq_blork_the_orc
D:5:      layout_basic, nicolae_ashenzari_panopticon
D:6:      layout_loops_ring, zin_treasury, kennysheep_nub
D:7:      layout_cave_pools, lemuel_round_altar, mainiacjoe_overflow_two_lobes,
          minmay_temple_entry_oklob
D:8:      layout_rooms, fedhas_altar_4, minitemple,
          dreamdust_deal_with_the_devil, uniq_psyche
D:9:      layout_long_grid, general_overflow_altar, enter_bailey_8
D:10:     layout_small_grid, dpeg_lair_monsters, orc_0_dummy,
          hangedman_abyss_or_decor_lesser_grid
D:11:     layout_roguey, portal_ice_cave_demonic_guard, uniq_sonja, uniq_urug,
          uniq_snorg
D:12:     lemuel_flame_loot_2, layout_basic, kennysheep_generic_room_10
D:13:     layout_irregular_city, david_vaults_5, muffindrake_ghost_dual_entry
D:14:     layout_rooms, serial_shops, shop, shop, shop, xom_shifter_show,
          uniq_nessos
D:15:     grunt_enter_depths_hoard, layout_basic, uniq_jorgrun
Lair:1:   layout_chaotic_city, serial_bayou_shore_b, lemuel_fruit_tree,
          lemuel_fruit_fields, serial_bayou_shore_a, uniq_harold
Lair:2:   layout_small_grid, grunt_forest_small_clearing_treed, uniq_amaemon
Lair:3:   layout_cave_pods, nicolae_swamp_entry_splash_gauntlet,
          dummy_spider_entry
Lair:4:   layout_long_grid, minmay_slime_entry_pillars, lookout_lair_type,
          pdpol_lair_neglected_garden, grunt_megastairs_5
Lair:5:   wormcave, layout_regular_city
Swamp:1:  layout_falls_marsh, evilmike_swamp_ruin_house_3, uniq_frances
Spider:1: nicolae_spider_mines_2
Spider:2: layout_spider_delve, drop_trap
Orc:1:    layout_caves, basic_altar, uniq_erica
Orc:2:    st_orc_rangers, layout_caves, serial_shops, shop
Elf:1:    eino_elf_arrival_shootout, layout_loops_corners, special_room
          [special_room_orc], basic_altar, hangedman_elf_represent,
          minmay_curled_crystal, serial_sigils_hangedman_leer
Depths:1: layout_forbidden_donut, muffindrake_ghost_dead_mans_drink,
          abyss_entry_flame_altar, hangedman_tar_grid_catacomb,
          serial_column_ruins, column_ruins_hut_pillars, column_ruins_hut,
          column_ruins_grid_2, column_ruins_grid_1, column_ruins_grid_3,
          column_ruins_columns_corner, nicolae_water_bricks, moated_statue,
          kennysheep_random_hallway

Skill      XL: |  1  2  3  4  5  6  7  8  9 10 11 12 13 14 15 16 |
---------------+-------------------------------------------------+-----
Spellcasting   | 3 4 5 6 7 8 10 11 13 | 13.1
Fighting       | 1 2 3 4 6 7 9 10 11 12 13 | 13.3
Shields        | 1 2 3 4 5 6 |  6.2
Dodging        | 3 4 5 6 7 9 10 11 12 13 | 13.3
Summonings     | 5 6 7 8 9 11 | 11.5
Conjurations   | 4 8 9 |  9.8
Air Magic      | 4 |  4.9
Transmutations | 1 |  1.9
Earth Magic    | 1 2 |  2.0
Stealth        | |  2.8

Action                     |  1- 3 |  4- 6 |  7- 9 | 10-12 | 13-15 | 16-18 || total
---------------------------+-------+-------+-------+-------+-------+-------++-------
  Melee: Unarmed           |    19 |       |       |       |       |       ||    19
         Constrict         |    11 |    10 |     8 |     8 |    33 |       ||    70
         Tentacles         |     8 |     8 |    11 |    16 |    64 |     1 ||   108
         Long sword        |    24 |    53 |    50 |    54 |   203 |     2 ||   386
         Punch             |     1 |     1 |     2 |     3 |     5 |       ||    12
   Cast: Summon Small Mamm |    32 |    10 |     4 |     4 |     3 |       ||    53
         Call Imp          |    17 |    23 |    19 |    17 |    14 |       ||    90
         Call Canine Famil |     1 |    24 |    51 |    89 |   151 |     4 ||   320
         Summon Guardian G |       |     5 |    31 |    70 |   169 |     3 ||   278
         Summon Lightning  |       |       |       |    38 |   183 |     1 ||   222
         Apportation       |       |       |       |     1 |       |       ||     1
         Blink             |       |       |       |       |     3 |       ||     3
         Irradiate         |       |       |       |       |     3 |       ||     3
  Evoke: Wand              |       |     1 |     2 |     9 |     6 |       ||    18
         Phantom mirror    |       |       |       |       |     2 |     1 ||     3
         Phial of floods   |       |       |       |       |     2 |       ||     2
    Use: Potion            |     1 |     7 |     6 |     4 |    17 |     1 ||    36
         Scroll            |       |       |     7 |    14 |    17 |     3 ||    41
   Stab: Sleeping          |     5 |     3 |     1 |       |       |       ||     9
         Distracted        |       |     1 |       |       |     3 |       ||     4
 Armour: Skin              |    29 |     9 |    16 |     2 |     9 |       ||    65
  Dodge: Dodged            |    55 |    54 |   115 |   121 |   648 |     7 ||  1000
  Block: Buckler           |       |       |       |     4 |       |       ||     4

Table legend: (Time is in decaauts)
 A = Elapsed time spent in this place.
 B = Non-inter-level travel time spent in this place.
 C = Inter-level travel time spent in this place.
 D = Time resting spent in this place.
 E = Time spent auto-exploring this place.
 F = Levels seen in this place.
 G = Mean time per level.
                   A        B        C        D        E       F      G
               +--------+--------+--------+--------+--------+-----+--------+
         Total |  44706 |  41099 |   3607 |  15773 |  19121 |  27 | 1655.8 |
       Dungeon |  26392 |  24267 |   2125 |   8542 |  11922 |  15 | 1759.5 |
          Lair |  10847 |   9777 |   1070 |   2937 |   5387 |   5 | 2169.4 |
         Swamp |    712 |    696 |     16 |    595 |     44 |   1 |  712.0 |
   Spider Nest |   1433 |   1299 |    134 |    776 |    363 |   2 |  716.5 |
  Orcish Mines |   4739 |   4480 |    259 |   2630 |   1233 |   2 | 2369.5 |
   Elven Halls |     12 |     12 |      0 |      0 |      0 |   1 |   12.0 |
        Depths |    568 |    568 |      0 |    293 |    171 |   1 |  568.0 |
               +--------+--------+--------+--------+--------+-----+--------+

Top non-repeatable levels by time:
    D:10: 3230 daAuts
   Orc:1: 2910 daAuts
  Lair:5: 2893 daAuts
     D:6: 2855 daAuts
    D:15: 2771 daAuts
  Lair:2: 2586 daAuts
  Lair:3: 2571 daAuts
     D:9: 2436 daAuts
    D:13: 1870 daAuts
   Orc:2: 1829 daAuts
    D:14: 1749 daAuts
    D:11: 1700 daAuts
    D:12: 1680 daAuts
     D:4: 1559 daAuts
  Lair:4: 1452 daAuts
